 Dungeon Crawl Stone Soup version 0.30-a0-777-ga9a30cbeda (console) character file.

Game seed: 3786549857066814059

674 rlgrobin the Insei (level 7, -2/52 HPs)
             Began as a Mummy Monk on Feb 14, 2023.
             Slain by Prince Ribbit (12 damage)
             ... on level 5 of the Dungeon.
             The game lasted 00:13:06 (5830 turns).

rlgrobin the Insei (Mummy Monk)                     Turns: 5830, Time: 00:13:06

Health: -2/52      AC:  8    Str: 14    XL:     7   Next: 33%
Magic:  7/7        EV: 12    Int: 10    God:
Gold:   272        SH:  0    Dex: 16    Spells: 6/6 levels left

rFire   x . .      SeeInvis .      - Unarmed
rCold   + . .      Faith    +    (no shield)
rNeg    + + +      Spirit   .    (no body armour)
rPois   ∞          Reflect  .    d - +2 helmet
rElec   .          Harm     .    c - +0 cloak
rCorr   .          Rampage  .    f - +0 pair of gloves
Will    .....                    h - +2 pair of boots
Stlth   ++                       (no amulet)
HPRegen 0.28/turn                (no ring)
MPRegen 0.10/turn                (no ring)

@: no status effects
A: cold resistance 1, negative energy resistance 3, torment resistance 2, heat
vulnerability 1, in touch with death 1, no potions, faith
a: no special abilities


You were on level 5 of the Dungeon.
You visited 1 branch of the dungeon, and saw 6 of its levels.

You collected 272 gold pieces.

Inventory:

Armour
 c - a +0 cloak (worn)
 d - a +2 helmet (worn)
 f - a +0 pair of gloves (worn)
 h - a +2 pair of boots (worn)
Scrolls
 g - 2 scrolls of fog


   Skills:
 - Level 3.0 Fighting
 - Level 2.4 Dodging
 - Level 2.5 Stealth
 + Level 6.9 Unarmed Combat


You had 6 spell levels left.
You didn't know any spells.
Your spell library contained the following spells:

 Spells                   Type           Power      Damage    Failure   Level
 Anguish                  Hex/Necr       0%         N/A       98%         4
 Petrify                  Tmut/Erth      0%         N/A       98%         4
 Metabolic Englaciation   Hex/Ice        0%         N/A       100%        5
 Enfeeble                 Hex            0%         N/A       100%        7
 Statue Form              Tmut/Erth      Unusable   N/A       N/A         6

Dungeon Overview and Level Annotations

Branches:
Dungeon (6/15)             Temple (0/1) D:5

Altars:
Ashenzari
Hepliaklqana
Makhleb
Xom

Shops:
D:2 =:   D:5 (   D:6 *

Annotations:
D:4 exclusion: ogre
D:5 exclusions: ogre and ufetubus, Prince Ribbit


Innate Abilities, Weirdness & Mutations

You are immune to poison.
Your flesh is cold resistant. (rC+)
You are immune to negative energy. (rN+++)
You are immune to unholy pain and torment.
You are vulnerable to heat. (rF-)
You are in touch with the powers of death.
You do not drink.
You have a special connection with the divine. (Faith)


Message History

You punch the hound!
You kill the hound!
No target in view!
No target in view!
You start resting.
HP restored.
You climb downwards.
Level annotation: Prince Ribbit Prince Ribbit hits you.
The white imp lashes its tail.
Prince Ribbit closely misses you.
There is a stone staircase leading up here.
You aren't carrying any items that you can evoke.
Prince Ribbit hits you!
You climb upwards.
Level annotation: exclusions: ogre and ufetubus
There is a stone staircase leading down here.
Prince Ribbit blinks!
Prince Ribbit hits you! Prince Ribbit attacks as you move away!
Prince Ribbit hits you! Prince Ribbit attacks as you move away!
Prince Ribbit closely misses you. Prince Ribbit barely misses you.
Prince Ribbit attacks as you move away! Prince Ribbit hits you!
* * * LOW HITPOINT WARNING * * *
Prince Ribbit hits you.
* * * LOW HITPOINT WARNING * * *
There is an escape hatch in the ceiling here.
You closely miss Prince Ribbit. Prince Ribbit closely misses you.
You hit Prince Ribbit.
Prince Ribbit is lightly wounded.
Prince Ribbit closely misses you.
You miss Prince Ribbit. Your punch misses Prince Ribbit.
Prince Ribbit is lightly wounded.
Prince Ribbit hits you.
* * * LOW HITPOINT WARNING * * *
You closely miss Prince Ribbit.
Prince Ribbit is lightly wounded.
Prince Ribbit hits you but does no damage.
Prince Ribbit hits you!
You die...

...........
..############
#..# ##.#######
.!# #..# #.# #.#
#..# #.# #.# #..#
#.### #.####
###§?# #...#
#....# #...>#
###.########.##.#
#######.##.#
#..........##.#
#..........#
##########.##@#
#.#####F####
#.##F# #.# #.#
#.##.#####.# #.#
#.##.......#####.#
#................#
##################


You could see Prince Ribbit.

Vanquished Creatures
  A phantom (D:5)
  2 necrophages (D:5)
  A scorpion (D:5)
  3 hounds (D:5)
  3 iron imps
  4 orc wizards (D:4)
  6 adders
  A white imp (D:5)
  3 dart slugs
  16 orcs
  4 endoplasms
  4 giant cockroaches
  6 goblins
  3 hobgoblins
  6 quokkas
  5 ball pythons
  4 bats
  5 frilled lizards
  9 kobolds
  4 rats
  2 butterflies (D:5)
92 creatures vanquished.

Vanquished Creatures (others)
  A plant (D:2)
1 creature vanquished.

Grand Total: 93 creatures vanquished

Notes
Turn   | Place    | Note
-------+----------+-------------------------------------------
     0 | D:1      | rlgrobin the Mummy Monk began the quest for the Orb.
     0 | D:1      | Reached XP level 1. HP: 18/18 MP: 1/1
   320 | D:1      | Reached XP level 2. HP: 14/24 MP: 2/2
   383 | D:1      | Reached skill level 3 in Unarmed Combat
  1197 | D:2      | Found Qoiwuun's Jewellery Shoppe.
  1268 | D:2      | Found a faded altar of an unknown god.
  1478 | D:2      | Gained mutation: You are in touch with the powers of death.
                  | [Mummy growth]
  1478 | D:2      | Reached XP level 3. HP: 15/29 MP: 3/3
  1968 | D:2      | Found Ekaer's Book Emporium.
  2237 | D:3      | Found a broken altar of Ashenzari.
  2293 | D:3      | Reached skill level 4 in Unarmed Combat
  2707 | D:3      | Reached XP level 4. HP: 29/35 MP: 4/4
  3197 | D:4      | Noticed an ogre
  3285 | D:4      | Found a burning altar of Makhleb.
  3328 | D:4      | Reached XP level 5. HP: 20/41 MP: 5/5
  3456 | D:3      | Reached skill level 5 in Unarmed Combat
  3658 | D:5      | Entered Level 5 of the Dungeon
  3743 | D:5      | Reached XP level 6. HP: 35/47 MP: 6/6
  3829 | D:5      | Found a shimmering altar of Xom.
  3993 | D:5      | Found Oril Men's Weapon Shop.
  4261 | D:5      | Found a staircase to the Ecumenical Temple.
  4264 | D:5      | Identified the +6 scale mail of Rotation {Drain Regen+
                  | Str-4 Int+8}
  4892 | D:6      | Noticed Prince Ribbit
  4993 | D:4      | Reached skill level 6 in Unarmed Combat
  5550 | D:5      | Found a hazy altar of Hepliaklqana.
  5563 | D:5      | Reached XP level 7. HP: 47/52 MP: 7/7
  5583 | D:6      | Found Agiurad's General Store.
  5830 | D:5      | Slain by Prince Ribbit

Illustrated notes

Levels and vault maps discovered:
D:1:      tarquinn_simple_flora_water_f, layout_loops_corners, kennysheep_boxes
D:2:      layout_loops_corners, serial_shops, shop, nicolae_shop_hallway_plus,
          nicolae_ecumenical_oubliette, serial_bayou, serial_bayou_shore_a,
          serial_bayou_pond_d, serial_bayou_pond_d, serial_bayou_pond_a,
          st_stairs_4
D:3:      layout_loops_corners, mainiacjoe_overflow_brackets,
          hangedman_decor_slide_cut, grunt_ministairs_7
D:4:      layout_rooms, demons_altar, minmay_misc_feat_iff,
          minmay_a_box_with_orc_wizards_in_it
D:5:      layout_loops_ring, xom_butterflies, lemuel_round_altar,
          minmay_temple_entry_antechambers, serial_shops, shop
D:6:      layout_basic, dancing_weapons_uskayaw, serial_shops,
          nicolae_shop_hallway_plus, nicolae_diamond_shop, shop,
          nicolae_shop_behind_doors, nicolae_stop_n_shop_2, minmay_shop_mass,
          corexii_checkpoint_a, nicolae_sextant, uniq_menkaure,
          uniq_prince_ribbit1

Skill      XL: |  1  2  3  4  5  6 |
---------------+-------------------+-----
Unarmed Combat | 3 4 5 6 |  6.9
Stealth        | 2 |  2.5
Fighting       | |  3.0
Dodging        | |  2.4

Action                     |  1- 3 |  4- 6 |  7- 9 || total
---------------------------+-------+-------+-------++-------
  Melee: Unarmed           |   202 |   243 |    45 ||   490
         Punch             |     4 |     8 |     1 ||    13
    Use: Scroll            |       |    10 |       ||    10
   Stab: Sleeping          |     6 |     2 |       ||     8
         Distracted        |     1 |       |       ||     1
 Armour: Skin              |    16 |    56 |    15 ||    87
  Dodge: Dodged            |   125 |   117 |    26 ||   268

Table legend: (Time is in decaauts)
 A = Elapsed time spent in this place.
 B = Non-inter-level travel time spent in this place.
 C = Inter-level travel time spent in this place.
 D = Time resting spent in this place.
 E = Time spent auto-exploring this place.
 F = Levels seen in this place.
 G = Mean time per level.
                   A        B        C        D        E       F      G
               +--------+--------+--------+--------+--------+-----+--------+
         Total |   5806 |   5396 |    410 |    953 |   3008 |   6 |  967.7 |
       Dungeon |   5806 |   5396 |    410 |    953 |   3008 |   6 |  967.7 |
               +--------+--------+--------+--------+--------+-----+--------+

Top non-repeatable levels by time:
     D:5: 1685 daAuts
     D:1: 1138 daAuts
     D:2: 1077 daAuts
     D:3: 1003 daAuts
     D:4: 888 daAuts
     D:6: 14 daAuts
